 Dungeon Crawl Stone Soup version 0.31.0-1-g2c135a0 (webtiles) character file.

Game seed: 7190659905920797228

1995 samcosmo the Magician (level 9, 0/74 HPs)
             Began as a Black Draconian Fire Elementalist on Mar 18, 2024.
             Slain by a yak (3 damage)
             ... on level 7 of the Dungeon.
             The game lasted 00:18:34 (7264 turns).

samcosmo the Magician (DrFE)                        Turns: 7264, Time: 00:18:35

Health: 0/74       AC: 10    Str: 12    XL:     9   Next: 1%
Magic:  2/19       EV: 14    Int: 25    God:
Gold:   403        SH:  0    Dex: 17    Spells: 14/21 levels left

rFire   . . .        h - +2 short sword (flame)
rCold   . . .        (no shield)
rNeg    . . .        (body armour unavailable)
rPois   .            (helmet restricted)
rElec   +            r - +2 cloak
rCorr   .            (no gloves)
SInv    .            (no boots)
Will    .....        q - amulet of regeneration
Stlth   ++           p - +6 ring of intelligence
HPRegen 1.12/turn    s - +6 ring of dexterity
MPRegen 0.16/turn

%: no passive effects
@: about to teleport
A: breathe lightning, AC +7, unfitting armour, electricity resistance,
cold-blooded
a: Breathe Lightning


You were on level 7 of the Dungeon.
You visited 1 branch of the dungeon, and saw 7 of its levels.

You collected 403 gold pieces.

Inventory:

Hand Weapons
 b - a +0 dagger
 h - a +2 short sword of flaming (weapon)
Armour
 i - an orb of mayhem
 r - a +2 cloak (worn)
Jewellery
 l - an amulet of faith
 p - a +6 ring of intelligence (left hand)
 q - an amulet of regeneration (around neck)
 s - a +6 ring of dexterity (right hand)
Wands
 j - a wand of digging (7)
 y - a wand of iceblast (3)
Scrolls
 c - a scroll of teleportation
 e - a scroll of vulnerability
 z - a scroll of revelation {unknown}
Potions
 a - 3 potions of magic
 d - 3 potions of enlightenment
 f - a potion of berserk rage {unknown}
 g - a potion of degeneration {unknown}
 k - 5 potions of curing
 m - 2 potions of might {unknown}
 n - a potion of cancellation {unknown}
 o - a potion of lignification {unknown}
 t - 2 potions of mutation {unknown}
 u - a potion of resistance {unknown}
 v - a potion of brilliance {unknown}
 w - 2 potions of heal wounds {unknown}
 x - a potion of haste {unknown}


   Skills:
 + Level 5.3 Fighting
 + Level 4.5 Dodging
 - Level 1.7 Stealth
 * Level 6.8 Spellcasting
 - Level 4.0 Conjurations
 * Level 5.6 Fire Magic


You had 14 spell levels left.
You knew the following spells:

 Your Spells              Type           Power      Damage    Failure   Level
a - Foxfire               Conj/Fire      100%       2x1d9     1%          1
b - Scorch                Fire           72%        2d8       1%          2
c - Flame Wave            Conj/Fire      32%        2d9       10%         4

Your spell library contained the following spells:

 Spells                   Type           Power      Damage    Failure   Level
 Magic Dart               Conj           100%       1d8       1%          1
 Inner Flame              Hex/Fire       22%        N/A       6%          3
 Volatile Blastmotes      Fire/Tloc      44%        2d13      6%          3
 Blink                    Tloc           16%        N/A       11%         2
 Call Imp                 Summ           16%        N/A       11%         2
 Fugue of the Fallen      Necr           8%         N/A       21%         3
 Ozocubu's Armour         Ice            8%         N/A       21%         3
 Manifold Assault         Tloc           8%         N/A       56%         4


Dungeon Overview and Level Annotations

Branches:
Dungeon (7/15)
 Temple: D:4-7

Altars:
Elyvilon
Gozag
Ru
Uskayaw


Innate Abilities, Weirdness & Mutations

You can breathe wild blasts of lightning.
Your glossy black scales are hard. (AC +7)
You cannot fit into any form of body armour.
You are resistant to electric shocks. (rElec)
You are cold-blooded and may be slowed by cold attacks.


Message History

The yak is almost dead.
The yak gores you.
You hit the yak but do no damage.
The yak is almost dead.
The yak gores you!
You hit the yak but do no damage.
The yak is almost dead.
The yak gores you.
You barely miss the yak.
The yak is almost dead.
The yak gores you!
* * * LOW HITPOINT WARNING * * *
You hit the yak but do no damage.
The yak is almost dead.
The yak closely misses you.
You completely miss the yak.
The yak is almost dead.
The yak barely misses you.
You hit the yak. You burn the yak.
The yak is almost dead.
The yak barely misses you.
You barely miss the yak.
You tail-slap the yak, but do no damage.
The yak is almost dead.
The yak gores you!
* * * LOW HITPOINT WARNING * * *
You hit the yak. You burn the yak.
You kill the yak!
You have reached level 9!
Your experience leads to an increase in your attributes!
Your base attributes are Str 12, Int 17, Dex 11.
Increase (S)trength, (I)ntelligence, or (D)exterity?
You feel clever. x2; Your scales feel tougher.
As you read the scroll of teleportation, it crumbles to dust.
You feel strangely unstable. The yak gores you.
* * * LOW HITPOINT WARNING * * *
The yak attacks as it pursues you! The yak gores you!
* * * LOW HITPOINT WARNING * * *
The yak attacks as it pursues you! The yak gores you.
You die...

#.#.# #.# #...........# ###.###
#z# #...........# ##.....###z#
###########.# #######.8...8.##.#
#.# ......#.......##.# #.#
.#.#......_......########## #.#
.#...##.......#...........# #
.....##.8...8.###########.#####.#
########.....##.@Y...Y..........#
..>....###.##############.#######
########.#......... #.####### #
#.#.######## #.#...... # #.#.#
#.#.##### # #>#.# #.#.# # #.#[#
#.#.# # #.#.# #.#.# ########.#.#
#.#.# #


You could see 2 yaks.

Vanquished Creatures
  A kobold demonologist (D:7)
  2 yaks (D:7)
  2 ogres
  3 phantoms (D:6)
  4 scorpions
  3 wights (D:7)
  An electric eel (D:6)
  A howler monkey (D:5)
  3 hounds
  Crazy Yiuf (D:2)
  A sleepcap (D:5)
  2 gnoll boudas (D:4)
  A jelly (D:4)
  An iguana (D:6)
  17 gnolls
  5 adders
  3 white imps
  2 ribbon worms
  3 dart slugs
  9 orcs
  2 ball pythons
  3 endoplasms
  2 giant cockroaches
  2 goblins
  5 hobgoblins
  2 jackals (D:1)
  3 quokkas
  8 bats
  3 frilled lizards
  8 kobolds
  5 rats
108 creatures vanquished.

Vanquished Creatures (collateral kills)
  An orc (D:3)
  A ball python (D:3)
  A giant cockroach (D:4)
3 creatures vanquished.

Vanquished Creatures (others)
  171 foxfires
171 creatures vanquished.

Grand Total: 282 creatures vanquished

Notes
Turn   | Place    | Note
-------+----------+-------------------------------------------
     0 | D:1      | samcosmo the Draconian Fire Elementalist began the quest
                  | for the Orb.
     0 | D:1      | Reached XP level 1. HP: 14/14 MP: 3/3
    82 | D:1      | Found a faded altar of an unknown god.
   172 | D:1      | Reached XP level 2. HP: 22/22 MP: 3/5
   178 | D:1      | Reached skill level 1 in Fighting
  1117 | D:2      | Reached skill level 3 in Spellcasting
  1117 | D:2      | Reached XP level 3. HP: 16/28 MP: 5/7
  1851 | D:2      | Found a runed translucent door.
  1852 | D:2      | Noticed Crazy Yiuf
  1888 | D:2      | Learned a level 2 spell: Scorch
  1895 | D:2      | Killed Crazy Yiuf
  1896 | D:2      | Reached XP level 4. HP: 8/36 MP: 1/9
  2689 | D:3      | Found a hide-covered altar of Uskayaw.
  3208 | D:4      | Reached XP level 5. HP: 36/42 MP: 10/10
  3265 | D:4      | Noticed an ogre
  3591 | D:4      | Reached skill level 4 in Spellcasting
  3675 | D:3      | Learned a level 4 spell: Flame Wave
  3754 | D:4      | Reached XP level 6. HP: 43/50 MP: 7/12
  4215 | D:5      | Entered Level 5 of the Dungeon
  4794 | D:4      | Your scales start taking on a glossy black colour.
  4794 | D:4      | Reached XP level 7. HP: 48/57 MP: 1/14
  4794 | D:4      | Gained mutation: You are resistant to electric shocks.
                  | (rElec) [Black Draconian growth]
  5413 | D:6      | Reached skill level 5 in Spellcasting
  5561 | D:6      | Found a white marble altar of Elyvilon.
  5876 | D:6      | Reached XP level 8. HP: 66/66 MP: 7/16
  6457 | D:6      | Found a sacrificial altar of Ru.
  6625 | D:7      | Noticed a kobold demonologist
  6630 | D:7      | Killed a kobold demonologist
  6631 | D:7      | Reached skill level 6 in Spellcasting
  6631 | D:7      | Reached skill level 5 in Fire Magic
  6788 | D:7      | Found an opulent altar of Gozag.
  6866 | D:7      | Reached skill level 5 in Fighting
  7261 | D:7      | Reached XP level 9. HP: 14/74 MP: 2/19
  7263 | D:7      | HP: 2/74 [yak (13)]
  7264 | D:7      | Slain by a yak

Illustrated notes

Levels and vault maps discovered:
D:1:      spicycebolla_arrival_risky_transporter, layout_loops_ring,
          serial_glass, glass_columns_a, glass_columns_c, glass_columns_b,
          glass_columns_a, glass_columns_b, glass_columns_b,
          hellmonk_ecumenical_altar_run_dry, minmay_pentomino_v2
D:2:      layout_loops_ring, uniq_crazy_yiuf_cottage
D:3:      layout_loops_ring, nicolae_uskayaw_suspiria, minmay_misc_feat_columns
D:4:      layout_loops_ring
D:5:      layout_basic
D:6:      layout_loops_ring, nicolae_elyvilon_temple_path,
          nicolae_ru_path_of_blood
D:7:      layout_basic, grunt_gozag_statues, minmay_temple_entry_junction,
          chequers_serial_rivers_small_b, uniq_pikel

Skill      XL: |  1  2  3  4  5  6  7  8 |
---------------+-------------------------+-----
Fighting       | 1 2 3 4 5 |  5.3
Spellcasting   | 3 4 5 6 |  6.8
Dodging        | 2 3 4 |  4.5
Conjurations   | 2 3 4 |  4.0
Fire Magic     | 4 5 |  5.6
Stealth        | |  1.7

Action                     |  1- 3 |  4- 6 |  7- 9 || total
---------------------------+-------+-------+-------++-------
  Melee: Unarmed           |    35 |       |       ||    35
         Tailslap          |     3 |     1 |     5 ||     9
         Dagger            |    22 |       |       ||    22
         Short sword       |    30 |    30 |    47 ||   107
         Punch             |       |       |     1 ||     1
   Cast: Foxfire           |    45 |    27 |    37 ||   109
         Scorch            |     3 |    44 |    52 ||    99
         Flame Wave        |       |     2 |     3 ||     5
    Use: Scroll            |       |    10 |     2 ||    12
   Stab: Sleeping          |     1 |     2 |     1 ||     4
 Armour: Skin              |    49 |    26 |    56 ||   131
  Dodge: Dodged            |    77 |    48 |    61 ||   186
